 Dungeon Crawl Stone Soup version 0.23-a0-639-ga9a3373214 (webtiles) character file.

317 HereIgoKillingAgain the Cleaver (level 6, -2/51 HPs)
             Began as a Hill Orc Fighter on Dec 29, 2018.
             Killed from afar by Sigmund (3 damage)
             ... with a magic dart
             ... on level 4 of the Dungeon.
             The game lasted 00:02:01 (2848 turns).

HereIgoKillingAgain the Cleaver (Hill Orc Fighter)  Turns: 2848, Time: 00:02:03

Health: -2/51      AC:  6    Str: 18 (21) XL:     6   Next: 45%
Magic:  6/6        EV:  7    Int: 12 (13) God:
Gold:   171        SH:  8    Dex:  7 (10) Spells: 5/5 levels left

rFire    + . .     SeeInvis .   a - +0 war axe
rCold    + . .     Gourm    .   c - +0 shield
rNeg     . . .     Faith    .   b - +0 scale mail
rPois    +         Spirit   .   (no helmet)
rElec    +         Reflect  .   (no cloak)
rCorr    +         Harm     .   (no gloves)
MR       .....                  (no boots)
Stlth    ..........             (no amulet)
HPRegen  0.17/turn              (no ring)
MPRegen  0.10/turn              (no ring)

@: brilliant, resistant, flying
A: no striking features
a: no special abilities


You were on level 4 of the Dungeon.
You were hungry.

You visited 1 branch of the dungeon, and saw 4 of its levels.

You collected 171 gold pieces.

Inventory:

Hand Weapons
 a - a +0 war axe (weapon)
Armour
 b - a +0 scale mail (worn)
 c - a +0 shield (worn)
Scrolls
 h - a scroll of identify {unknown}
 i - 2 scrolls of remove curse {unknown}
 j - a scroll of fear {unknown}
 k - 2 scrolls of teleportation {unknown}
 l - a scroll of noise {unknown}
 n - a scroll of fog {unknown}
 o - a scroll of amnesia {unknown}
Potions
 g - a potion of resistance
Comestibles
 f - 12 rations


   Skills:
 - Level 3.6 Fighting
 + Level 8.8 Axes
 - Level 3.2 Armour
 - Level 3.2 Shields


You had 5 spell levels left.
You didn't know any spells.
Your spell library was empty.

Dungeon Overview and Level Annotations

Branches:
Dungeon (4/15)
 Temple: D:4-7

Altars:

Annotations:
D:4 Sigmund


Message History

Something burns you.
* * * LOW HITPOINT WARNING * * *
Unknown command.
You closely miss something. Something hits you but does no damage.
It was a potion of brilliance.
You feel clever all of a sudden.
It was a potion of flight.
You feel very buoyant.
You fly up into the air.
Something hits you!
* * * LOW HITPOINT WARNING * * *
Something burns you.
* * * LOW HITPOINT WARNING * * *
It was a potion of degeneration.
There was something very wrong with that liquid.
You feel weakened.
You feel dopey.
You feel clumsy.
You are feeling hungry.
You hear some strange, mumbled words.
A magic dart appears from out of thin air!
The magic dart hits you!
You die...

.##. ....# #....
#.. ...# ###.
##...# ###... ###
##...# ###...#.
.... #...#
##...###. .....
####..####..### ##
......#..........##
....>.{@...#######
.........### ###
........## ##..
.......## #...
....#.. ##.#.
##..#.# #..#. #..
#. #.##. .. ..
##.... .# #...##


There were no monsters in sight!

Vanquished Creatures
  Duvessa (D:4)
  Dowan (D:4)
  Terence (D:2)
  A worker ant (D:4)
  3 gnolls (D:2)
  2 adders (D:4)
  A dart slug (D:1)
  3 leopard geckos (D:1)
  6 giant cockroaches
  6 goblins
  7 hobgoblins
  11 jackals
  8 kobolds
  3 ball pythons
  3 bats (D:2)
  5 frilled lizards
  5 rats
67 creatures vanquished.

Notes
Turn   | Place    | Note
-------+----------+-------------------------------------------
     0 | D:1      | HereIgoKillingAgain the Hill Orc Fighter began the quest
                  | for the Orb.
     0 | D:1      | Reached XP level 1. HP: 19/19 MP: 1/1
    28 | D:1      | Reached skill level 3 in Axes
    64 | D:1      | Reached XP level 2. HP: 26/26 MP: 2/2
   107 | D:1      | Reached skill level 4 in Axes
   347 | D:1      | Reached XP level 3. HP: 28/31 MP: 3/3
  1210 | D:2      | Reached skill level 5 in Axes
  1338 | D:2      | Noticed Terence
  1344 | D:2      | Killed Terence
  1344 | D:2      | Reached XP level 4. HP: 35/39 MP: 4/4
  1481 | D:2      | Reached skill level 6 in Axes
  2142 | D:3      | Reached XP level 5. HP: 44/45 MP: 5/5
  2414 | D:4      | Noticed Dowan
  2415 | D:4      | Noticed Duvessa
  2419 | D:4      | Killed Dowan
  2419 | D:4      | Reached skill level 7 in Axes
  2422 | D:4      | Killed Duvessa
  2422 | D:4      | Reached skill level 8 in Axes
  2422 | D:4      | Reached XP level 6. HP: 43/51 MP: 6/6
  2522 | D:4      | HP: 2/51 [poisoned by a worker ant]
  2827 | D:4      | Noticed Sigmund
  2847 | D:4      | HP: 2/51 [something (8)]
  2848 | D:4      | Killed from afar by Sigmund

Vault maps used:
D:1:      dpeg_arrival_chase
D:2:      first_ration, dk_vineyard_1, uniq_terence
D:4:      uniq_sigmund, uniq_crazy_yiuf_cottage, uniq_duvessa, uniq_eustachio

Skill      XL: |  1  2  3  4  5 |
---------------+----------------+-----
Axes           | 3 4 5 6 8 |  8.8
Fighting       | |  3.6
Armour         | |  3.2
Shields        | |  3.2

Action                   |  1- 3 |  4- 6 || total
-------------------------+-------+-------++-------
Melee: War axe           |   112 |   109 ||   221
  Use: Potion            |       |     5 ||     5
  Eat: Chunk             |       |     6 ||     6
Armor: Scale mail        |    49 |    47 ||    96
Dodge: Dodged            |    36 |    29 ||    65
Block: Shield            |    63 |    59 ||   122

Table legend:
 A = Non-vault XP
 B = Vault XP
 C = Vault XP percentage of total XP
 D = Non-vault monster count
 E = Vault monster count
 F = Vault count percentage of total count
                 A         B        C        D         E       F
            +---------+---------+-------+---------+---------+-------
      Total |     202 |     252 |  55.5 |      64 |       3 |   4.5
            +---------+---------+-------+---------+---------+-------
        D:1 |      51 |       0 |   0.0 |      27 |       0 |   0.0
        D:2 |      71 |      36 |  33.6 |      21 |       1 |   4.5
        D:3 |      21 |       0 |   0.0 |      13 |       0 |   0.0
        D:4 |      59 |     216 |  78.5 |       3 |       2 |  40.0
            +---------+---------+-------+---------+---------+-------
